 Dungeon Crawl Stone Soup version 0.21-a0-39-g28ea6b7 (webtiles) character file.

79 PhlogistonFlux the Twirler (level 4, -2/33 HPs)
             Began as a Mummy Gladiator on May 30, 2017.
             Killed from afar by smzp's ghost (8 damage)
             ... with an orb of energy
             ... on level 3 of the Dungeon.
             The game lasted 00:02:08 (1562 turns).

PhlogistonFlux the Twirler (Mummy Gladiator)        Turns: 1562, Time: 00:02:08

Health: -2/33      AC: 10    Str: 17    XL:     4   Next: 17%
Magic:  4/4        EV:  7    Int:  7    God:
Gold:   159        SH:  0    Dex: 14    Spells: 3/3 levels left

rFire    x . .     SeeInvis .   a - +0 quarterstaff
rCold    + . .     Gourm    .   (shield currently unavailable)
rNeg     + + +     Faith    .   n - +0 chain mail
rPois    ∞         Spirit   .   c - +0 helmet
rElec    .         Reflect  .   (no cloak)
rCorr    .         Harm     .   f - +0 pair of gloves
MR       .....                  (no boots)
Stlth    ..........             (no amulet)
Regen    0.2/turn               (no ring)
MPRegen  0.1/turn               (no ring)

@: no status effects
A: no food or potions, fire vulnerability, cold resistance 1, negative energy
resistance 3, torment resistance, unbreathing
a: no special abilities


You were on level 3 of the Dungeon.
You were not hungry.

You visited 1 branch of the dungeon, and saw 3 of its levels.

You collected 159 gold pieces.

Inventory:

Hand Weapons
 a - a +0 quarterstaff (weapon)
Missiles
 d - 2 throwing nets (quivered)
 m - 5 tomahawks
Armour
 b - a +0 leather armour
 c - a +0 helmet (worn)
 f - a +0 pair of gloves (worn)
 k - a +0 ring mail
 n - a +0 chain mail (worn)
Scrolls
 e - a scroll of amnesia {unknown}
 g - a scroll of enchant armour {unknown}
 h - a scroll of immolation {unknown}
 i - a scroll of identify {unknown}
 j - a scroll of teleportation {unknown}
 l - a scroll of fog {unknown}
 o - a scroll of enchant weapon {unknown}
Books
 p - a book of Misfortune

   Spells                             Type                      Level
   a - Confusing Touch                Hexes                        1
   b - Confuse                        Hexes                        3
   c - Gell's Gravitas                Translocation                3
   d - Petrify                        Transmutation/Earth          4
   e - Metabolic Englaciation         Hexes/Ice                    5
   f - Yara's Violent Unravelling     Hexes/Transmutation          5


   Skills:
 - Level 2.0 Fighting
 + Level 4.1 Staves
 - Level 1.5 Throwing
 - Level 2.4 Dodging


You had 3 spell levels left.
You didn't know any spells.

Dungeon Overview and Level Annotations

Branches:
Dungeon (3/15)

Altars:

Annotations:
D:3 smzp's ghost, amateur DECj


Innate Abilities, Weirdness & Mutations

You do not eat or drink.
Your flesh is vulnerable to fire.
You are immune to poison.
Your flesh is cold resistant. (rC+)
You are immune to negative energy. (rN+++)
You are immune to unholy pain and torment.
You can survive without breathing.


Message History

You are too injured to fight recklessly!
You are too injured to fight recklessly!
You are too injured to fight recklessly!
You are too injured to fight recklessly!
You are too injured to fight recklessly!
You are too injured to fight recklessly!
You are too injured to fight recklessly!
You are too injured to fight recklessly!
You are too injured to fight recklessly!
You are too injured to fight recklessly!
You hit smzp's ghost.
Smzp's ghost is severely damaged.
Smzp's ghost casts a spell at you. The spray of energy hits you!
* * * LOW HITPOINT WARNING * * *
Your chain mail prevents you from hitting smzp's ghost.
Smzp's ghost is severely damaged.
Smzp's ghost casts a spell at you. The orb of energy hits you!
You die...

## ..# %..#
######....#
#...@Wr...+
##.###.?..#
#.# ...#
#.# ..# #.#
.# #.# #
#.# #.# #.#


You could see smzp's ghost and a rat.

Vanquished Creatures
  A gnoll (D:1)
  2 adders (D:2)
  3 dart slugs
  A leopard gecko (D:2)
  A bat (D:1)
  2 giant cockroaches (D:2)
  7 goblins
  8 hobgoblins
  5 jackals
  A ball python (D:2)
  A frilled lizard (D:2)
  4 kobolds
  5 rats
41 creatures vanquished.

Notes
Turn   | Place    | Note
-------+----------+-------------------------------------------
     0 | D:1      | PhlogistonFlux the Mummy Gladiator began the quest for the Orb.
     0 | D:1      | Reached XP level 1. HP: 16/16 MP: 1/1
   177 | D:1      | Reached XP level 2. HP: 17/22 MP: 2/2
   298 | D:1      | Reached skill level 3 in Staves
   459 | D:1      | Reached XP level 3. HP: 14/27 MP: 3/3
  1079 | D:2      | Reached skill level 4 in Staves
  1079 | D:2      | Reached XP level 4. HP: 32/33 MP: 4/4
  1553 | D:3      | Noticed smzp's ghost (amateur DECj)
  1562 | D:3      | Killed from afar by smzp's ghost

Vault maps used:
D:1:      co_arrival_square_in_a_square_in_a_square
D:3:      hangedman_abyss_or_decor_stabs, chequers_big_river

Skill      XL: |  1  2  3 |
---------------+----------+-----
Staves         | 3 4 |  4.1
Fighting       | |  2.0
Throwing       | |  1.5
Dodging        | |  2.4

Action                   |  1- 3 |  4- 6 || total
-------------------------+-------+-------++-------
Melee: Quarterstaff      |    94 |    20 ||   114
Throw: Throwing net      |     1 |       ||     1
 Stab: Held in net/web   |     1 |       ||     1
Armor: Leather armour    |     3 |       ||     3
       Ring mail         |    37 |       ||    37
       Chain mail        |     6 |    11 ||    17
Dodge: Dodged            |    69 |     5 ||    74
